 Dungeon Crawl Stone Soup version 0.31-a0-303-gdc8c9485ea (webtiles) character file.

Game seed: 7759574256663455546

1423 Zonian the Changeling (level 8, 0/64 HPs)
             Began as a Gnoll Shapeshifter on July 16, 2023.
             Was an Initiate of Gozag.
             Slain by a water moccasin (2 damage)
             ... on level 5 of the Dungeon.
             The game lasted 00:13:16 (5130 turns).

Zonian the Changeling (Gnoll Shapeshifter)          Turns: 5130, Time: 00:13:18

Health: 0/64       AC:  3    Str: 15    XL:     8   Next: 72%
Magic:  13/13      EV: 14    Int:  7    God:    Gozag
Gold:   411        SH:  0    Dex: 15    Spells: 14/14 levels left

rFire   . .          .
                       - Unarmed
rCold   . . .        (no shield)
rNeg    . . .        a - +1 animal skin
rPois   .            (helmet currently unavailable)
rElec   .            (cloak currently unavailable)
rCorr   .            (gloves currently unavailable)
SInv    .            (boots currently unavailable)
Will    .....        (no amulet)
Stlth   ++           (no ring)
HPRegen 0.30/turn    (no ring)
MPRegen 0.13/turn

%: no passive effects
@: lethally poisoned (0 -> -15), beast-form
A: beast (slay +5), fangs 1, strong nose, distributed training
a: Begin Untransformation, Renounce Religion, Potion Petition, Call Merchant,
Bribe Branch


You were on level 5 of the Dungeon.
You worshipped Gozag.
Gozag was aware of your devotion.
You were a hulking beast.
You visited 2 branches of the dungeon, and saw 6 of its levels.

You collected 474 gold pieces.
You paid 63 gold pieces to Gozag.

Inventory:

Hand Weapons
 b - a +0 dagger
 e - a +0 sling
 h - a +3 dagger
Missiles
 p - 22 poisoned darts
Armour
 a - a +1 animal skin (worn)
Jewellery
 g - a ring of flight
Talismans
 c - a beast talisman
Wands
 q - a wand of flame (16)
Scrolls
 d - a scroll of blinking
 f - a scroll of enchant armour
 l - 3 scrolls of identify
 o - 3 scrolls of teleportation
Potions
 i - a potion of magic
 j - a potion of ambrosia
 k - a potion of enlightenment
 n - 2 potions of haste


   Skills:
 + Level 5.9 Fighting
 + Level 3.6 Short Blades
 + Level 3.6 Long Blades
 + Level 3.6 Axes
 + Level 3.6 Maces & Flails
 + Level 3.6 Polearms
 + Level 3.6 Staves
 + Level 3.6 Ranged Weapons
 + Level 3.6 Throwing
 + Level 3.6 Armour
 + Level 5.9 Dodging
 + Level 3.6 Stealth
 + Level 3.6 Shields
 + Level 5.9 Unarmed Combat
 + Level 3.6 Spellcasting
 + Level 2.9 Conjurations
 + Level 2.9 Hexes
 + Level 2.9 Summonings
 + Level 2.9 Necromancy
 + Level 2.9 Translocations
 + Level 2.9 Transmutations
 + Level 2.9 Fire Magic
 + Level 2.9 Ice Magic
 + Level 2.9 Air Magic
 + Level 2.9 Earth Magic
 + Level 2.9 Poison Magic
 + Level 4.0 Invocations
 + Level 3.6 Evocations
 + Level 7.2 Shapeshifting


You had 14 spell levels left.
You didn't know any spells.
Your spell library contained the following spells:

 Spells                   Type           Power      Damage    Failure   Level
 Apportation              Tloc           10%        N/A       10%         1
 Necrotise                Necr           20%        1d5       10%         1
 Summon Small Mammal      Summ           20%        N/A       10%         1
 Ignite Poison            Fire/Tmut/Pois 5%         N/A       28%         3
 Sticky Flame             Conj/Fire      5%         2d3       67%         4
 Ignition                 Fire           2%         3d3       100%        8


Dungeon Overview and Level Annotations

Branches:
Dungeon (5/15)             Temple (1/1) D:4

Altars:
Ashenzari
Dithmenos
Elyvilon
Fedhas
Gozag
Hepliaklqana
Makhleb
Nemelex Xobeh
Okawaru
Qazlal
Ru
Sif Muna
Trog
Vehumet
Wu Jian
Yredelemnul
Zin
The Shining One

Shops:
D:1 =   D:3 =   D:4 [   D:5 [:=(?

Annotations:
D:5 3 runed translucent doors


Innate Abilities, Weirdness & Mutations

You are a hulking beast.
Your limbs bulge with bestial killing power. (Slay +5)
You have very sharp teeth.
Your uncanny sense of smell can sniff out nearby items.
Your experience applies equally to all skills.


Message History

The water moccasin is moderately wounded.
The water moccasin barely misses you.
You barely miss the water moccasin.
The water moccasin is moderately wounded.
The water moccasin bites you!
You are poisoned.
The water moccasin poisons you!
You miss the water moccasin.
The water moccasin is moderately wounded.
You feel very sick. The water moccasin closely misses you.
Unknown command.
You hit the water moccasin.
The water moccasin is heavily wounded.
You feel sick.
The water moccasin bites you but does no damage.
You hit the water moccasin.
The water moccasin is severely wounded.
You feel sick. The water moccasin bites you!
* * * LOW HITPOINT WARNING * * *
The water moccasin bites you!
* * * LOW HITPOINT WARNING * * *
You closely miss the water moccasin. Your bite misses the water moccasin.
The water moccasin is severely wounded.
You feel sick. The water moccasin barely misses you.
Okay, then.
Okay, then.
You barely miss the water moccasin.
The water moccasin is severely wounded.
You feel sick. The water moccasin bites you.
* * * LOW HITPOINT WARNING * * *
You are lethally poisoned!
The water moccasin poisons you!
You punch the water moccasin!
The water moccasin is almost dead.
* * * LOW HITPOINT WARNING * * *
You feel very sick. The water moccasin bites you.
You die...
Your body crumbles into a pile of gold.

........###....##............#
#. ........#
####....#..#..#....# ##
........# ####.##.#.##....# #.
........# #####....#.......#
#. ........#
#........#...#.### #.
........#
#...........#....###.
#########
#....................
#.........<....#.####
#...hS###......#....# #.....#
#......###... #.....#
##.>......... ##....<#
#......##... #######..#####
#......##... ##.......##
#.....###... ####..####.##
#........### ##....#####.#
#........ # #..####.....#
##+++## #


You could see a water moccasin.

Vanquished Creatures
  Pikel (D:4)
  An orc warrior (D:5)
  An ice beast (D:5)
  A black bear (D:4)
  An ogre (D:3)
  A kobold brigand (D:5)
  A lemure (D:4)
  2 scorpions
  3 hounds
  A jelly (D:4)
  3 sleepcaps (D:5)
  An iguana (D:4)
  4 orc wizards
  6 adders
  A white imp (D:5)
  An ufetubus (D:5)
  A worm (D:4)
  2 dart slugs
  8 orcs
  A bat (D:3)
  7 endoplasms
  2 giant cockroaches
  4 goblins
  8 hobgoblins
  3 quokkas
  3 ball pythons
  6 frilled lizards
  8 kobolds
  4 rats
86 creatures vanquished.

Notes
Turn   | Place    | Note
-------+----------+-------------------------------------------
     0 | D:1      | Zonian the Gnoll Shapeshifter began the quest for the Orb.
     0 | D:1      | Reached XP level 1. HP: 20/20 MP: 1/1
   118 | D:1      | Found a faded altar of an unknown god.
   145 | D:1      | Reached XP level 2. HP: 26/26 MP: 2/2
   447 | D:1      | Found Ridonlym's Jewellery Shop.
   757 | D:2      | Found a shadowy altar of Dithmenos.
   792 | D:2      | Reached XP level 3. HP: 31/31 MP: 3/3
   875 | D:2      | Reached skill level 1 in Invocations
  1332 | D:3      | Reached skill level 1 in Short Blades
  1332 | D:3      | Reached skill level 1 in Long Blades
  1332 | D:3      | Reached skill level 1 in Axes
  1332 | D:3      | Reached skill level 1 in Maces & Flails
  1332 | D:3      | Reached skill level 1 in Polearms
  1332 | D:3      | Reached skill level 1 in Staves
  1332 | D:3      | Reached skill level 1 in Ranged Weapons
  1332 | D:3      | Reached skill level 1 in Throwing
  1332 | D:3      | Reached skill level 1 in Armour
  1332 | D:3      | Reached skill level 1 in Stealth
  1332 | D:3      | Reached skill level 1 in Shields
  1332 | D:3      | Reached skill level 1 in Spellcasting
  1332 | D:3      | Reached skill level 1 in Evocations
  1358 | D:3      | Found a radiant altar of Vehumet.
  1475 | D:3      | Found Ypruna's Jewellery Boutique.
  1505 | D:3      | Reached XP level 4. HP: 38/38 MP: 5/5
  1741 | D:3      | Noticed an ogre
  2309 | D:4      | Noticed a scorpion
  2315 | D:4      | Killed a scorpion
  2316 | D:4      | Reached skill level 1 in Conjurations
  2316 | D:4      | Reached skill level 1 in Hexes
  2316 | D:4      | Reached skill level 1 in Summonings
  2316 | D:4      | Reached skill level 1 in Necromancy
  2316 | D:4      | Reached skill level 1 in Translocations
  2316 | D:4      | Reached skill level 1 in Transmutations
  2316 | D:4      | Reached skill level 1 in Fire Magic
  2316 | D:4      | Reached skill level 1 in Ice Magic
  2316 | D:4      | Reached skill level 1 in Air Magic
  2316 | D:4      | Reached skill level 1 in Earth Magic
  2316 | D:4      | Reached skill level 1 in Poison Magic
  2316 | D:4      | Reached XP level 5. HP: 34/43 MP: 5/7
  2659 | D:4      | Found a staircase to the Ecumenical Temple.
  2674 | Temple   | Entered the Ecumenical Temple
  2791 | Temple   | Became a worshipper of Gozag Ym Sagoz the Greedy
  2821 | D:4      | Found Sepicwu's Armour Emporium.
  2838 | D:4      | Reached XP level 6. HP: 41/50 MP: 8/8
  2927 | D:4      | Found a shimmering blue altar of Sif Muna.
  3046 | D:4      | Noticed Pikel
  3344 | D:3      | Reached skill level 5 in Fighting
  3344 | D:3      | Reached skill level 5 in Dodging
  3344 | D:3      | Reached skill level 5 in Unarmed Combat
  3532 | D:4      | Noticed a black bear
  3548 | D:4      | Killed a black bear
  3549 | D:4      | Reached XP level 7. HP: 46/56 MP: 10/10
  3777 | D:4      | Killed Pikel
  3778 | D:4      | Reached skill level 7 in Shapeshifting
  3778 | D:4      | Reached XP level 8. HP: 40/63 MP: 10/12
  4059 | D:5      | Entered Level 5 of the Dungeon
  4064 | D:5      | Found Kiqual's Book Boutique.
  4250 | D:5      | Found Beqal's Weapon Emporium.
  4258 | D:5      | Found a runed translucent gate.
  4259 | D:5      | Found a runed translucent gate.
  4417 | D:5      | Found Rohumit's Magic Scroll Shop.
  4450 | D:5      | Found a runed translucent gate.
  4452 | D:5      | Found an opulent altar of Gozag.
  4961 | D:5      | Found Plog's Antique Armour Shop.
  5025 | D:5      | Found Athrigh's Jewellery Boutique.
  5130 | D:5      | HP: 2/64 [poisoned by a water moccasin]
  5130 | D:5      | Slain by a water moccasin

Illustrated notes

Levels and vault maps discovered:
D:1:      wander_arrival_chamber, layout_loops_ring, serial_shops,
          nicolae_shop_tiny_waterfront, shapermc_ecumenical_altar_mp_vishouse,
          corexii_corridor_pit
D:2:      layout_rooms, basic_altar, hangedman_decor_growths
D:3:      layout_loops_cross, vehumet_altar_wand_db, serial_shops, shop,
          patterned_corridor
D:4:      layout_basic, mainiacjoe_overflow_alcove_4,
          minmay_temple_entry_arrows, serial_shops, shop_fountains, uniq_pikel
D:5:      minmay_evil_eye, layout_basic, ebering_ghost_gozag, serial_shops,
          shop, nicolae_shop_crystal, nicolae_shop_gibbet_a_chance, shop,
          nicolae_square_shop, hangedman_decor_peaks_small,
          hangedman_abyss_or_decor_passed
Temple:   mainiacjoe_temple_bowtie_tessellation

Skill      XL: |  1  2  3  4  5  6  7  8 |
---------------+-------------------------+-----
Invocations    | 1 2 3 4 |  4.0
Short Blades   | 1 2 3 |  3.6
Long Blades    | 1 2 3 |  3.6
Axes           | 1 2 3 |  3.6
Maces & Flails | 1 2 3 |  3.6
Polearms       | 1 2 3 |  3.6
Staves         | 1 2 3 |  3.6
Ranged Weapons | 1 2 3 |  3.6
Throwing       | 1 2 3 |  3.6
Armour         | 1 2 3 |  3.6
Stealth        | 1 2 3 |  3.6
Shields        | 1 2 3 |  3.6
Spellcasting   | 1 2 3 |  3.6
Evocations     | 1 2 3 |  3.6
Conjurations   | 1 2 |  2.9
Hexes          | 1 2 |  2.9
Summonings     | 1 2 |  2.9
Necromancy     | 1 2 |  2.9
Translocations | 1 2 |  2.9
Transmutations | 1 2 |  2.9
Fire Magic     | 1 2 |  2.9
Ice Magic      | 1 2 |  2.9
Air Magic      | 1 2 |  2.9
Earth Magic    | 1 2 |  2.9
Poison Magic   | 1 2 |  2.9
Fighting       | 5 |  5.9
Dodging        | 5 |  5.9
Unarmed Combat | 5 |  5.9
Shapeshifting  | 7 |  7.2

Action                     |  1- 3 |  4- 6 |  7- 9 || total
---------------------------+-------+-------+-------++-------
  Melee: Unarmed           |       |    16 |   132 ||   148
         Bite              |       |     1 |    10 ||    11
         Punch             |       |       |     8 ||     8
   Fire: Sling             |    83 |    86 |       ||   169
  Throw: Throwing net      |       |     1 |       ||     1
         Dart              |       |       |     4 ||     4
    Use: Scroll            |       |    10 |     3 ||    13
         Potion            |       |     4 |     2 ||     6
   Stab: Held in net/web   |       |     1 |       ||     1
         Sleeping          |       |       |     1 ||     1
 Armour: Animal skin       |       |     9 |     7 ||    16
         Skin              |       |    31 |       ||    31
  Dodge: Dodged            |     9 |    25 |    73 ||   107

Table legend: (Time is in decaauts)
 A = Elapsed time spent in this place.
 B = Non-inter-level travel time spent in this place.
 C = Inter-level travel time spent in this place.
 D = Time resting spent in this place.
 E = Time spent auto-exploring this place.
 F = Levels seen in this place.
 G = Mean time per level.
                   A        B        C        D        E       F      G
               +--------+--------+--------+--------+--------+-----+--------+
         Total |   5138 |   4971 |    167 |   1378 |   2600 |   6 |  856.3 |
       Dungeon |   5011 |   4854 |    157 |   1378 |   2501 |   5 | 1002.2 |
        Temple |    127 |    117 |     10 |      0 |     99 |   1 |  127.0 |
               +--------+--------+--------+--------+--------+-----+--------+

Top non-repeatable levels by time:
     D:4: 1496 daAuts
     D:3: 1468 daAuts
     D:1: 749 daAuts
     D:5: 744 daAuts
     D:2: 551 daAuts
  Temple: 127 daAuts
